 Dungeon Crawl Stone Soup version 0.22-a0-398-g8bb545f (webtiles) character file.

20 VajrapaniSR the Vandal (level 2, 0/19 HPs)
             Began as an Octopode Hunter on May 4, 2018.
             Slain by a bat (1 damage)
             ... on level 1 of the Dungeon.
             The game lasted 00:01:58 (403 turns).

VajrapaniSR the Vandal (Octopode Hunter)             Turns: 403, Time: 00:01:58

Health: 0/19       AC:  1    Str: 11    XL:     2   Next: 79%
Magic:  2/2        EV: 13    Int: 13    God:
Gold:   18         SH:  0    Dex: 12    Spells: 1/1 levels left

rFire    . . .     SeeInvis .     - Unarmed
rCold    . . .     Gourm    .   (no shield)
rNeg     . . .     Faith    .   (helmet restricted)
rPois    .         Spirit   .   (no amulet)
rElec    .         Reflect  .   (no ring)
rCorr    .         Harm     .   (no ring)
MR       .....                  (no ring)
Stlth    +++.......             (no ring)
HPRegen  0.06/turn              (no ring)
MPRegen  0.08/turn              (no ring)
                                (no ring)
                                (no ring)

@: no status effects
A: almost no armour, stealthy swim, amphibious, 8 rings, constrict 8, camouflage
1, gelatinous body 1
a: no special abilities


You were on level 1 of the Dungeon.
You were not hungry.

You visited 1 branch of the dungeon, and saw 2 of its levels.

You collected 18 gold pieces.

Inventory:

Hand Weapons
 a - a +1 hunting sling
Missiles
 b - 3 stones (quivered)
 c - 20 sling bullets
Comestibles
 d - 2 rations {@w1}


   Skills:
 - Level 2.0 Fighting
 - Level 4.0 Slings
 - Level 2.0 Dodging
 + Level 2.4 Stealth
 * Level 1.8 Unarmed Combat


You had one spell level left.
You didn't know any spells.

Dungeon Overview and Level Annotations

Branches:
Dungeon (2/15)

Altars:

Annotations:
D:2 Jessica


Innate Abilities, Weirdness & Mutations

You cannot wear most types of armour.
You are very stealthy in the water. (Stealth+)
You are amphibious.
You can wear up to eight rings at the same time.
You can use your tentacles to constrict eight enemies at once.
Your skin changes colour to match your surroundings (Stealth+).
Your rubbery body absorbs attacks. (AC +1, EV +1)


Message History

The bat misses you.
You are too injured to fight recklessly!
You are too injured to fight recklessly!
You barely miss the bat. You grab the bat. You constrict the bat.
The bat barely misses you.
The bat struggles to escape constriction.
The bat escapes!
You barely miss the leopard gecko. You grab the leopard gecko.
You constrict the leopard gecko, but do no damage.
The leopard gecko bites you.
* * * LOW HITPOINT WARNING * * *
You tentacle-slap the leopard gecko. Your squeeze misses the leopard gecko.
The leopard gecko is heavily wounded.
You constrict the leopard gecko. The leopard gecko bites you.
* * * LOW HITPOINT WARNING * * *
You aren't carrying any potions.
You tentacle-slap the leopard gecko.
You kill the leopard gecko!
The bat hits you.
You die...

#.# #.# #.#
#.# #.# #.#
#.###.######
#...).b@...#
#..##.####.#
# #.# #.# #
#.# ... ###
# #


You could see a bat.

Vanquished Creatures
  An adder (D:2)
  2 leopard geckos (D:1)
  A giant cockroach (D:1)
  2 goblins (D:1)
  A hobgoblin (D:1)
  A frilled lizard (D:1)
  A kobold (D:1)
9 creatures vanquished.

Notes
Turn   | Place    | Note
-------+----------+-------------------------------------------
     0 | D:1      | VajrapaniSR the Octopode Hunter began the quest for the Orb.
     0 | D:1      | Reached XP level 1. HP: 14/14 MP: 1/1
   272 | D:1      | Reached skill level 1 in Unarmed Combat
   285 | D:1      | Reached XP level 2. HP: 15/19 MP: 2/2
   388 | D:2      | Noticed Jessica
   403 | D:1      | Slain by a bat

Vault maps used:
D:1:      nicolae_arrival_memento_mori, minivault_11, minivault_14,
          serial_bayou_pond_d, minivault_5, minmay_fountain_box
D:2:      first_ration, minmay_gold_behind_fungi, minmay_goblin_outpost,
          uniq_jessica

Skill      XL: |  1 |
---------------+----+-----
Unarmed Combat | 1 |  1.8
Stealth        | 2 |  2.4
Fighting       | |  2.0
Slings         | |  4.0
Dodging        | |  2.0

Action                   || total
-------------------------++-------
Melee: Unarmed           ||    33
       Constrict         ||    11
       Tentacles         ||     3
  Use: Scroll            ||     1
 Stab: Sleeping          ||     3
Armor: Skin              ||     4
Dodge: Dodged            ||    24

Table legend:
 A = Spawn XP
 B = Non-spawn XP
 C = Spawn XP percentage of total XP
 D = Spawn monster count
 E = Non-spawn monster count
 F = Spawn count percentage of total count
 G = Total turns spent on level
                    A         B        C        D         E        F      G
               +---------+---------+-------+---------+---------+-------+---------
         Total |       0 |      29 |   0.0 |       0 |       9 |   0.0 |   403
               +---------+---------+-------+---------+---------+-------+---------
           D:1 |       0 |      16 |   0.0 |       0 |       8 |   0.0 |   369
           D:2 |       0 |      13 |   0.0 |       0 |       1 |   0.0 |    34
               +---------+---------+-------+---------+---------+-------+---------
